[Event "ICC tourney 2552 (3 2)"]
[Site "Internet Chess Club"]
[Date "2021.05.07"]
[Round "1"]
[White "SAI POTHURI, ABHIRAM:K06-15560780"]
[Black "VU HOLBROOK, AIDAN:K03-16806056"]
[Result "1-0"]
[ICCResult "Black checkmated"]
[WhiteElo "1400"]
[BlackElo "1400"]
[Opening "French: Tarrasch, closed variation"]
[ECO "C05"]
[NIC "FR.17"]
[Time "18:02:38"]
[PlyCount "33"]
[TimeControl "180+2"]

1. e4 e6 2. d4 d5 3. Nd2 Nf6 4. e5 Nfd7 5. Bd3 c5 6. c3 Nc6 7. Ne2 Qb6 8.
Nf3 c4 9. Bc2 Be7 10. O-O O-O 11. Bg5 Bxg5 12. Bxh7+ Kh8 13. Nxg5 Qxb2 14.
Nf4 f6 15. Qh5 fxg5 16. Bg6+ Kg8 17. Qh7# { Black checkmated } 1-0

[Event "ICC tourney 2552 (3 2)"]
[Site "Internet Chess Club"]
[Date "2021.05.07"]
[Round "1"]
[White "SINGHAL, MEENAKSHI:K05-16551160"]
[Black "MANCHANDA, ADVIK:K01-30054176"]
[Result "1-0"]
[ICCResult "Black checkmated"]
[WhiteElo "1400"]
[BlackElo "1400"]
[Opening "Giuoco Piano: four knights variation"]
[ECO "C47"]
[NIC "KP.06"]
[Time "18:03:35"]
[PlyCount "25"]
[TimeControl "180+2"]

1. e4 e5 2. Nf3 Nc6 3. Nc3 Nf6 4. Bc4 Bc5 5. O-O O-O 6. d3 h6 7. Nh4 d6 8.
Qf3 Nd4 9. Qg3 Bb4 10. Bxh6 g6 11. Nxg6 Bxc3 12. Ne7+ Kh7 13. Qg7# { Black
checkmated } 1-0

[Event "ICC tourney 2552 (3 2)"]
[Site "Internet Chess Club"]
[Date "2021.05.07"]
[Round "1"]
[White "RANJAN, PHILIP:K03-30025869"]
[Black "WONG, EASTON:K03-30107402"]
[Result "0-1"]
[ICCResult "White checkmated"]
[WhiteElo "1260"]
[BlackElo "1400"]
[Opening "Van't Kruijs opening"]
[ECO "A00"]
[Time "18:02:13"]
[PlyCount "42"]
[TimeControl "180+2"]

1. e3 e5 2. Bd3 d5 3. f4 exf4 4. exf4 Qe7+ 5. Ne2 Nf6 6. g4 Bxg4 7. h3 Bf3
8. Be4 Qxe4 9. d3 Qe7 10. O-O Bxe2 11. Qd2 Bxf1 12. Kxf1 Nc6 13. c4 dxc4
14. dxc4 Ne4 15. Qe3 O-O-O 16. h4 Nf6 17. Qg3 Rd1+ 18. Kg2 Qe2+ 19. Kh3
Rh1+ 20. Qh2 Rxh2+ 21. Kg3 Qg2# { White checkmated } 0-1

[Event "ICC tourney 2552 (3 2)"]
[Site "Internet Chess Club"]
[Date "2021.05.07"]
[Round "1"]
[White "SKELCHER, OLIVER:K03-16721997"]
[Black "RAO, ANJALI:K05-30140885"]
[Result "1-0"]
[ICCResult "Black checkmated"]
[WhiteElo "1400"]
[BlackElo "1400"]
[Opening "King's pawn game"]
[ECO "C50"]
[NIC "IG.03"]
[Time "18:03:41"]
[PlyCount "25"]
[TimeControl "180+2"]

1. e4 e5 2. Nf3 Nc6 3. Bc4 Nd4 4. Nxd4 exd4 5. O-O Bc5 6. Qf3 Nf6 7. c3
dxc3 8. dxc3 O-O 9. Bg5 Be7 10. e5 Ne8 11. Bd3 Bxg5 12. Qf5 d5 13. Qxh7# {
Black checkmated } 1-0

[Event "ICC tourney 2552 (3 2)"]
[Site "Internet Chess Club"]
[Date "2021.05.07"]
[Round "1"]
[White "A MISQUITH, CHRIS:K06-17053126"]
[Black "LIANG, JOEY:K03-17280755"]
[Result "0-1"]
[ICCResult "White checkmated"]
[WhiteElo "1400"]
[BlackElo "1400"]
[Opening "Réti: King's Indian attack (Barcza system)"]
[ECO "A07"]
[NIC "QP.09"]
[Time "18:02:07"]
[PlyCount "42"]
[TimeControl "180+2"]

1. Nf3 d5 2. g3 Nc6 3. Bg2 e5 4. d3 Nf6 5. O-O Bd6 6. Nc3 Be6 7. Nb5 Qd7 8.
Nxd6+ cxd6 9. Ng5 h6 10. Nxe6 Qxe6 11. Be3 d4 12. Bd2 g5 13. Qc1 g4 14. f3
h5 15. fxg4 hxg4 16. Bg5 Nd5 17. Bxd5 Qxd5 18. e4 dxe3 19. Qxe3 Nd4 20. Qf2
Nf3+ 21. Kg2 Rxh2# { White checkmated } 0-1

[Event "ICC tourney 2552 (3 2)"]
[Site "Internet Chess Club"]
[Date "2021.05.07"]
[Round "1"]
[White "PATEL, VED:K03-30141412"]
[Black "KAUL, KABIR:K05-30154365"]
[Result "1-0"]
[ICCResult "Black resigns"]
[WhiteElo "1400"]
[BlackElo "1209"]
[Opening "Two knights defense (Modern bishop's opening)"]
[ECO "C55"]
[NIC "IG.01"]
[Time "18:03:41"]
[PlyCount "21"]
[TimeControl "180+2"]

1. e4 e5 2. Nf3 Nc6 3. Bc4 Nf6 4. d3 d5 5. exd5 Nxd5 6. Ng5 f6 7. Bxd5 Qxd5
8. Qf3 fxg5 9. Qxd5 Nb4 10. Qb5+ c6 11. Qc4 { Black resigns } 1-0

[Event "ICC tourney 2552 (3 2)"]
[Site "Internet Chess Club"]
[Date "2021.05.07"]
[Round "1"]
[White "RAO, SUNAY:K05-16538751"]
[Black "LI, ALBERT:K01-30047481"]
[Result "0-1"]
[ICCResult "White checkmated"]
[WhiteElo "1400"]
[BlackElo "1400"]
[Opening "Four knights: Italian variation"]
[ECO "C47"]
[NIC "KP.06"]
[Time "18:03:41"]
[PlyCount "28"]
[TimeControl "180+2"]

1. e4 e5 2. Nf3 Nc6 3. Nc3 Nf6 4. Bc4 Nxe4 5. Nxe4 d5 6. Bd3 dxe4 7. Bxe4
Bd6 8. Bd3 O-O 9. Bc4 Re8 10. d4 exd4+ 11. Be2 Qf6 12. Bg5 Qe6 13. Nxd4
Nxd4 14. Qxd4 Qxe2# { White checkmated } 0-1

[Event "ICC tourney 2552 (3 2)"]
[Site "Internet Chess Club"]
[Date "2021.05.07"]
[Round "1"]
[White "MUKTINUTALAPATI, MIHIR:K03-30158462"]
[Black "ILYASOV, AHMED:K03-30131511"]
[Result "0-1"]
[ICCResult "White checkmated"]
[WhiteElo "1400"]
[BlackElo "1157"]
[Opening "Sicilian defense"]
[ECO "B20"]
[NIC "SI.48"]
[Time "18:02:16"]
[PlyCount "30"]
[TimeControl "180+2"]

1. e4 c5 2. e5 Nc6 3. d4 Nxd4 4. Bg5 f6 5. exf6 exf6 6. Bh4 Qe7+ 7. Be2 b6
8. Qd3 Bb7 9. Qg3 Nxe2 10. Qg4 Nxg1+ 11. Kd1 Bf3+ 12. Qxf3 Nxf3 13. Bg3 Nd4
14. Kd2 Qe2+ 15. Kc3 Qxc2# { White checkmated } 0-1

[Event "ICC tourney 2552 (3 2)"]
[Site "Internet Chess Club"]
[Date "2021.05.07"]
[Round "1"]
[White "XUE, JACK:K03-17241051"]
[Black "ZHENG, EVAN:K03-30057791"]
[Result "1-0"]
[ICCResult "Black checkmated"]
[WhiteElo "1348"]
[BlackElo "1400"]
[Opening "Scotch gambit"]
[ECO "C44"]
[NIC "SO.06"]
[Time "18:02:28"]
[PlyCount "43"]
[TimeControl "180+2"]

1. e4 e5 2. Nf3 Nc6 3. d4 exd4 4. Bc4 Bc5 5. c3 dxc3 6. Bxf7+ Kxf7 7. Qd5+
Ke8 8. Qxc5 d6 9. Qe3 Be6 10. Nxc3 Nf6 11. O-O Kf7 12. Ng5+ Ke7 13. Nxe6
Kxe6 14. Qh3+ Kf7 15. Bg5 h6 16. Bxf6 Qxf6 17. Nd5 Qxb2 18. Qd7+ Kg6 19.
Nf4+ Kf6 20. Qe6+ Kg5 21. Qf5+ Kh4 22. g3# { Black checkmated } 1-0

[Event "ICC tourney 2552 (3 2)"]
[Site "Internet Chess Club"]
[Date "2021.05.07"]
[Round "1"]
[White "MANTRI, SIDHARTH:K05-16467263"]
[Black "KOLPURU, MIHIR:K01-30025021"]
[Result "1-0"]
[ICCResult "Black checkmated"]
[WhiteElo "1400"]
[BlackElo "1400"]
[Opening "two knights defense: Wilkes Barre (Traxler) variation"]
[ECO "C57"]
[NIC "KP.01"]
[Time "18:03:18"]
[PlyCount "23"]
[TimeControl "180+2"]

1. e4 e5 2. Nf3 Nc6 3. Bc4 Nf6 4. Ng5 Bc5 5. Bxf7+ Kf8 6. O-O d6 7. Bc4 Nd7
8. Nc3 Qxg5 9. d4 exd4 10. Bxg5 dxc3 11. Qf3+ Ke8 12. Qf7# { Black
checkmated } 1-0

[Event "ICC tourney 2552 (3 2)"]
[Site "Internet Chess Club"]
[Date "2021.05.07"]
[Round "1"]
[White "LIN, HUGH:K03-30027561"]
[Black "M TAHER, MIKAEEL:K06-30143633"]
[Result "0-1"]
[ICCResult "White checkmated"]
[WhiteElo "1400"]
[BlackElo "1400"]
[Opening "Giuoco Piano"]
[ECO "C54"]
[NIC "IG.02"]
[Time "18:02:48"]
[PlyCount "48"]
[TimeControl "180+2"]

1. e4 e5 2. Nf3 Nc6 3. Bc4 Bc5 4. c3 Nf6 5. d4 exd4 6. cxd4 Bb6 7. d5 Ne7
8. Be3 Bxe3 9. fxe3 Nxe4 10. Qd4 Nf6 11. g4 d6 12. g5 Nh5 13. Qxg7 Nxg7 14.
Ne5 dxe5 15. Rf1 Bf5 16. Nc3 Qd6 17. Nb5 Qb6 18. a4 Qxe3+ 19. Be2 O-O-O 20.
Nxa7+ Qxa7 21. Bd3 Bxd3 22. Rxf7 Qe3+ 23. Kd1 Qe2+ 24. Kc1 Qc2# { White
checkmated } 0-1

[Event "ICC tourney 2552 (3 2)"]
[Site "Internet Chess Club"]
[Date "2021.05.07"]
[Round "1"]
[White "GALLEGE, REHAN:K05-16946930"]
[Black "WU, ALEXANDER:K01-30107546"]
[Result "1-0"]
[ICCResult "Black checkmated"]
[WhiteElo "1400"]
[BlackElo "1400"]
[Opening "Giuoco Piano"]
[ECO "C54"]
[NIC "IG.02"]
[Time "18:03:57"]
[PlyCount "33"]
[TimeControl "180+2"]

1. e4 e5 2. Nf3 Nc6 3. Bc4 Bc5 4. c3 Nf6 5. d4 exd4 6. cxd4 Bxd4 7. Nxd4
Nxd4 8. Qxd4 O-O 9. O-O Qe7 10. Nc3 b6 11. Bg5 c5 12. Qe3 g6 13. Nd5 Qd8
14. Nxf6+ Kh8 15. Qc3 d6 16. Ne8+ Kg8 17. Qg7# { Black checkmated } 1-0

[Event "ICC tourney 2552 (3 2)"]
[Site "Internet Chess Club"]
[Date "2021.05.07"]
[Round "1"]
[White "BALAMURUGAN, ABHIJAY:K05-16913354"]
[Black "VELLORE, INAY:K05-15913368"]
[Result "0-1"]
[ICCResult "White resigns"]
[WhiteElo "1493"]
[BlackElo "1400"]
[Opening "Giuoco Piano"]
[ECO "C50"]
[NIC "IG.02"]
[Time "18:03:00"]
[PlyCount "60"]
[TimeControl "180+2"]

1. e4 e5 2. Nf3 Nc6 3. Bc4 Bc5 4. O-O Nf6 5. Nc3 d6 6. d3 Bg4 7. Be3 Nd4 8.
Bxd4 Bxd4 9. h3 Bh5 10. Re1 Bxc3 11. bxc3 O-O 12. d4 exd4 13. cxd4 Re8 14.
e5 dxe5 15. dxe5 Qxd1 16. Raxd1 Bxf3 17. gxf3 Nh5 18. Kg2 Nf4+ 19. Kg3 Ng6
20. Rd7 Nxe5 21. Rxc7 Nxc4 22. Rxc4 Rxe1 23. Rc7 Rg1+ 24. Kh2 Ra1 25. Rxb7
Rxa2 26. c4 Rxf2+ 27. Kg3 Rc2 28. Rc7 a5 29. c5 a4 30. c6 a3 { White
resigns } 0-1

[Event "ICC tourney 2552 (3 2)"]
[Site "Internet Chess Club"]
[Date "2021.05.07"]
[Round "1"]
[White "SHARMA, SUNEET:K05-16802074"]
[Black "LI, JAYDEN:K01-30082341"]
[Result "1-0"]
[ICCResult "Black resigns"]
[WhiteElo "1400"]
[BlackElo "1400"]
[Opening "Giuoco Pianissimo: Italian four knights variation"]
[ECO "C50"]
[NIC "IG.02"]
[Time "18:03:00"]
[PlyCount "25"]
[TimeControl "180+2"]

1. e4 e5 2. Nf3 Nc6 3. Bc4 Bc5 4. Nc3 Nf6 5. d3 d6 6. h3 Bd7 7. Bg5 O-O 8.
O-O h6 9. Bh4 Re8 10. Re1 Qc8 11. Bxf6 gxf6 12. Nd5 Bxh3 13. Nxf6+ { Black
resigns } 1-0

[Event "ICC tourney 2552 (3 2)"]
[Site "Internet Chess Club"]
[Date "2021.05.07"]
[Round "1"]
[White "VENZA, REX:K01-30050414"]
[Black "RAGHAV JEGAN, ASHWIN:K05-16548454"]
[Result "0-1"]
[ICCResult "White resigns"]
[WhiteElo "1400"]
[BlackElo "1400"]
[Opening "Giuoco Pianissimo: Italian four knights variation"]
[ECO "C47"]
[NIC "KP.06"]
[Time "18:04:00"]
[PlyCount "44"]
[TimeControl "180+2"]

1. e4 e5 2. Nf3 Nc6 3. Nc3 Nf6 4. Bc4 Bc5 5. d3 O-O 6. Bd2 h6 7. O-O d6 8.
Qe2 Bg4 9. Rfe1 a6 10. Rac1 Bxf3 11. Qxf3 b5 12. Bd5 Qd7 13. Bxc6 Qxc6 14.
Nd5 Nxd5 15. exd5 Qd7 16. Re2 f6 17. c4 Rac8 18. cxb5 axb5 19. Ba5 c6 20.
dxc6 Rxc6 21. Rd2 Bxf2+ 22. Qxf2 Rxc1+ { White resigns } 0-1

[Event "ICC tourney 2552 (3 2)"]
[Site "Internet Chess Club"]
[Date "2021.05.07"]
[Round "1"]
[White "RAO, ARJUN:K01-30140896"]
[Black "LEE WANG, HUBERT:K05-17101448"]
[Result "0-1"]
[ICCResult "White checkmated"]
[WhiteElo "1400"]
[BlackElo "1400"]
[Opening "Giuoco Piano"]
[ECO "C50"]
[NIC "IG.02"]
[Time "18:02:08"]
[PlyCount "66"]
[TimeControl "180+2"]

1. e4 e5 2. Nf3 Nc6 3. Bc4 Bc5 4. O-O Nf6 5. Ng5 O-O 6. Qf3 d6 7. Qg3 Nh5
8. Qh4 g6 9. d3 Nd4 10. g4 Nf6 11. Be3 Nxc2 12. Bxc5 dxc5 13. Rc1 Nxa1 14.
Na3 a6 15. Rxa1 b5 16. Bb3 Bxg4 17. f3 Bd7 18. Nxf7 Rxf7 19. Rf1 c4 20.
dxc4 Rf8 21. cxb5+ Kh8 22. bxa6 Rxa6 23. Bc4 Rc6 24. Bb5 Rd6 25. Rc1 Bxb5
26. Qf2 Rd1+ 27. Rxd1 Qxd1+ 28. Kg2 Bc6 29. Qa7 Qe2+ 30. Kg3 Nh5+ 31. Kh3
Bd7+ 32. Kh4 Qxf3 33. Qxc7 Qg4# { White checkmated } 0-1

[Event "ICC tourney 2552 (3 2)"]
[Site "Internet Chess Club"]
[Date "2021.05.07"]
[Round "1"]
[White "LAM, IAN:K03-30093375"]
[Black "REEVE MENDES, AARON:K03-30164243"]
[Result "0-1"]
[ICCResult "White checkmated"]
[WhiteElo "1124"]
[BlackElo "1400"]
[Opening "Petrov: Italian variation"]
[ECO "C42"]
[NIC "RG.01"]
[Time "18:02:20"]
[PlyCount "44"]
[TimeControl "180+2"]

1. e4 e5 2. Nf3 Nf6 3. Bc4 Nxe4 4. O-O d5 5. Bb3 c6 6. Nxe5 Bd6 7. Nf3 O-O
8. d3 Nf6 9. Bg5 h6 10. Bh4 Bg4 11. h3 Bh5 12. Qe2 Nbd7 13. Nc3 Re8 14. Qd2
Bxf3 15. gxf3 Ne5 16. Qe2 Qc7 17. Kh1 Ng6 18. Qd1 Nxh4 19. Qd2 Bf4 20. Qd1
Qd7 21. Ne2 Qxh3+ 22. Kg1 Nxf3# { White checkmated } 0-1

[Event "ICC tourney 2552 (3 2)"]
[Site "Internet Chess Club"]
[Date "2021.05.07"]
[Round "1"]
[White "LIN, MAXIMUS:K03-30165114"]
[Black "MUKHERJEE, SATHVIK:K03-30065329"]
[Result "0-1"]
[ICCResult "White checkmated"]
[WhiteElo "1327"]
[BlackElo "1400"]
[Opening "Blackmar gambit"]
[ECO "D00"]
[NIC "QP.08"]
[Time "18:02:50"]
[PlyCount "56"]
[TimeControl "180+2"]

1. d4 d5 2. e4 dxe4 3. f3 exf3 4. gxf3 Nf6 5. f4 Nc6 6. d5 Qxd5 7. Qxd5
Nxd5 8. f5 Bxf5 9. Bb5 Be4 10. Bxc6+ bxc6 11. c4 Nf6 12. c5 Bxh1 13. Kf2
Bd5 14. Bf4 Rc8 15. Bxc7 Rxc7 16. Na3 e6 17. Nb5 cxb5 18. a4 Bxc5+ 19. Ke2
Bxg1 20. Kd2 Bb6 21. Kd1 bxa4 22. b3 axb3 23. Rb1 O-O 24. Rxb3 Bxb3+ 25.
Kd2 Rd8+ 26. Ke2 Rc3 27. Ke1 Rc2 28. Kf1 Rd1# { White checkmated } 0-1

[Event "ICC tourney 2552 (3 2)"]
[Site "Internet Chess Club"]
[Date "2021.05.07"]
[Round "1"]
[White "ZHONG, EVAN:K01-30064302"]
[Black "PALANIAPPAN, ABHINAV:K05-16592332"]
[Result "1-0"]
[ICCResult "Black checkmated"]
[WhiteElo "1400"]
[BlackElo "1400"]
[Opening "King's knight's gambit"]
[ECO "C34"]
[NIC "KG.02"]
[Time "18:02:23"]
[PlyCount "51"]
[TimeControl "180+2"]

1. e4 e5 2. f4 exf4 3. Nf3 Nc6 4. Bc4 Bc5 5. d4 d5 6. Bxd5 Bg4 7. dxc5 Bxf3
8. Qxf3 Nd4 9. Qc3 Nb5 10. Qxg7 Qh4+ 11. Kf1 O-O-O 12. Nd2 Nf6 13. Nf3 Qg4
14. Qxf6 c6 15. Bxf7 Qd7 16. Be6 Rdf8 17. Bxd7+ Kxd7 18. Qe5 Re8 19. Qxf4
Nd4 20. Nxd4 Ref8 21. Nf5 Ke6 22. Be3 h6 23. Qd6+ Kf7 24. Qe7+ Kg6 25. Qg7+
Kh5 26. g4# { Black checkmated } 1-0

[Event "ICC tourney 2552 (3 2)"]
[Site "Internet Chess Club"]
[Date "2021.05.07"]
[Round "1"]
[White "SATTERFIELD, MASON:K06-30132043"]
[Black "TSYBOVSKY, ANTHONY:K03-30024259"]
[Result "0-1"]
[ICCResult "White forfeits on time"]
[WhiteElo "1400"]
[BlackElo "1400"]
[Opening "Dunst (Sleipner, Heinrichsen) opening"]
[ECO "A00"]
[NIC "VO.15"]
[Time "18:03:00"]
[PlyCount "30"]
[TimeControl "180+2"]

1. Nc3 d5 2. e4 d4 3. d3 dxc3 4. bxc3 e5 5. d4 Nc6 6. dxe5 Qxd1+ 7. Kxd1
Nxe5 8. f3 Bc5 9. c4 Bd4 10. Bd2 Bxa1 11. f4 Nc6 12. g3 Bd4 13. Nf3 Bg4 14.
e5 Bxf3+ 15. Kc1 Bxh1 { White forfeits on time } 0-1

[Event "ICC tourney 2552 (3 2)"]
[Site "Internet Chess Club"]
[Date "2021.05.07"]
[Round "1"]
[White "LIU, LUCAS:K01-30018042"]
[Black "YANG, DANIEL:K05-16464806"]
[Result "0-1"]
[ICCResult "White checkmated"]
[WhiteElo "1400"]
[BlackElo "1400"]
[Opening "English, 1...Nf6 (Anglo-Indian defense)"]
[ECO "A15"]
[NIC "EO.64"]
[Time "18:03:41"]
[PlyCount "50"]
[TimeControl "180+2"]

1. c4 Nf6 2. g3 d5 3. Bg2 dxc4 4. Qa4+ c6 5. Qxc4 e6 6. Nc3 Be7 7. d4 Nbd7
8. e3 O-O 9. Nge2 Nb6 10. Qd3 c5 11. dxc5 Qxd3 12. O-O Nc4 13. b3 Ne5 14.
Bb2 Qc2 15. Rac1 Qxb2 16. b4 Qxb4 17. Be4 Bxc5 18. Rce1 Nxe4 19. Nxe4 Qxe4
20. Nf4 Nf3+ 21. Kg2 Nxe1+ 22. Kh3 e5+ 23. Kh4 Be7+ 24. Kh5 Qf3+ 25. g4
Bxg4# { White checkmated } 0-1

[Event "ICC tourney 2552 (3 2)"]
[Site "Internet Chess Club"]
[Date "2021.05.07"]
[Round "1"]
[White "MISRA, RISHAAN:K03-30153929"]
[Black "HARDIKAR, RISHI:K05-17067607"]
[Result "0-1"]
[ICCResult "White checkmated"]
[WhiteElo "1400"]
[BlackElo "1171"]
[Opening "Bishop's opening: Berlin defense"]
[ECO "C24"]
[NIC "IG.04"]
[Time "18:03:41"]
[PlyCount "38"]
[TimeControl "180+2"]

1. e4 e5 2. Bc4 Nf6 3. Bb3 Nc6 4. Qe2 Bc5 5. Qc4 O-O 6. Qe2 d6 7. Qf3 Bg4
8. Qxg4 Nxg4 9. f3 Nf2 10. Nh3 Nxh1 11. Bxf7+ Rxf7 12. Ng5 Qxg5 13. f4 Qh4+
14. g3 Qxh2 15. d3 Qxg3+ 16. Ke2 Qf2+ 17. Kd1 Bb4 18. Bd2 Qf1+ 19. Be1
Qxe1# { White checkmated } 0-1

[Event "ICC tourney 2552 (3 2)"]
[Site "Internet Chess Club"]
[Date "2021.05.07"]
[Round "1"]
[White "SWAIN, HRIDARSH:K03-30023727"]
[Black "COLLIER, ZANE:K06-30119849"]
[Result "0-1"]
[ICCResult "White checkmated"]
[WhiteElo "1400"]
[BlackElo "1400"]
[Opening "Queen's pawn game, Chigorin variation"]
[ECO "D02"]
[NIC "QP.09"]
[Time "18:03:20"]
[PlyCount "44"]
[TimeControl "180+2"]

1. Nf3 d5 2. d4 Nc6 3. c4 Nf6 4. Nc3 e6 5. e3 dxc4 6. Bxc4 Bd6 7. Bd2 O-O
8. Qc2 Bd7 9. h4 a5 10. h5 h6 11. e4 Be7 12. e5 Nd5 13. Nxd5 exd5 14. Bxd5
Re8 15. Be4 Bg4 16. Bh7+ Kf8 17. Qc1 Nxd4 18. Nxd4 Qxd4 19. Bxh6 Qb4+ 20.
Bd2 Qb6 21. Be3 Qa6 22. Be4 Qe2# { White checkmated } 0-1

[Event "ICC tourney 2552 (3 2)"]
[Site "Internet Chess Club"]
[Date "2021.05.07"]
[Round "1"]
[White "PAYNE, MASON:K05-16659363"]
[Black "WITKOWSKI, SHANE:K01-30072272"]
[Result "1-0"]
[ICCResult "Black checkmated"]
[WhiteElo "1400"]
[BlackElo "1400"]
[Opening "Four knights: Italian variation"]
[ECO "C47"]
[NIC "KP.06"]
[Time "18:04:00"]
[PlyCount "51"]
[TimeControl "180+2"]

1. e4 e5 2. Nf3 Nc6 3. Nc3 Nf6 4. Bc4 Nxe4 5. Nxe4 d5 6. Bxd5 Qxd5 7. Nc3
Qd8 8. Qe2 Bb4 9. Nxe5 Nxe5 10. Qxe5+ Be6 11. Qxg7 Rf8 12. Qxh7 Bxc3 13.
dxc3 Bc4 14. b3 Qe7+ 15. Be3 Bb5 16. c4 Bc6 17. O-O-O Bxg2 18. Rhg1 Bf3 19.
Bg5 Qa3+ 20. Kb1 Bxd1 21. Re1+ Kd7 22. Rxd1+ Kc8 23. Qf5+ Kb8 24. Bd8 Qa6
25. Qe5 Qh6 26. Qxc7# { Black checkmated } 1-0

[Event "ICC tourney 2552 (3 2)"]
[Site "Internet Chess Club"]
[Date "2021.05.07"]
[Round "1"]
[White "AMUTHAN, NIKHIL:K03-17107695"]
[Black "PATANKAR, VIJAY:K06-16438548"]
[Result "0-1"]
[ICCResult "White checkmated"]
[WhiteElo "1400"]
[BlackElo "1400"]
[Opening "Sicilian defense"]
[ECO "B20"]
[NIC "SI.48"]
[Time "18:02:26"]
[PlyCount "38"]
[TimeControl "180+2"]

1. e4 c5 2. Bc4 d6 3. Qf3 Nf6 4. Nh3 g6 5. O-O Bg7 6. Bb5+ Nc6 7. d4 cxd4
8. Bd2 O-O 9. Na3 Bg4 10. Qd3 a6 11. Bc4 b5 12. Bd5 Nxd5 13. exd5 Ne5 14.
Qe4 Bxh3 15. gxh3 Qd7 16. Qxd4 Nf3+ 17. Kh1 Bxd4 18. Bh6 Qxh3 19. c3 Qxh2#
{ White checkmated } 0-1

[Event "ICC tourney 2552 (3 2)"]
[Site "Internet Chess Club"]
[Date "2021.05.07"]
[Round "1"]
[White "BHATT, KRISH:K03-16675624"]
[Black "DESAIKOV, MAX:K03-30147675"]
[Result "0-1"]
[ICCResult "White checkmated"]
[WhiteElo "1193"]
[BlackElo "1400"]
[Opening "Four knights: Spanish, classical defense"]
[ECO "C48"]
[NIC "KP.03"]
[Time "18:02:54"]
[PlyCount "56"]
[TimeControl "180+2"]

1. e4 e5 2. Nf3 Nc6 3. Nc3 Nf6 4. Bb5 Bc5 5. Bxc6 bxc6 6. d3 d5 7. exd5
cxd5 8. O-O O-O 9. Bg5 Re8 10. Bxf6 Qxf6 11. Nxd5 Qc6 12. Nc3 Bb7 13. Re1
Re6 14. Ng5 Rg6 15. Nf3 Qxf3 16. Qxf3 Bxf3 17. Re3 Bxe3 18. fxe3 Rxg2+ 19.
Kf1 Rxc2 20. Nb1 Rxb2 21. Nd2 Rxd2 22. Re1 Rxd3 23. h4 Rb8 24. h5 Rbb3 25.
h6 Rb2 26. hxg7 Rdd2 27. a4 Rg2 28. a5 Rbf2# { White checkmated } 0-1

[Event "ICC tourney 2552 (3 2)"]
[Site "Internet Chess Club"]
[Date "2021.05.07"]
[Round "1"]
[White "PARIKH, PARV:K01-30065214"]
[Black "CONWAY, RANSOM:K03-30165293"]
[Result "0-1"]
[ICCResult "White checkmated"]
[WhiteElo "1054"]
[BlackElo "1400"]
[Opening "Giuoco Pianissimo: Italian four knights variation"]
[ECO "C28"]
[NIC "VG.04"]
[Time "18:02:20"]
[PlyCount "140"]
[TimeControl "180+2"]

1. e4 e5 2. Nc3 Nc6 3. Bc4 Nf6 4. d3 Bc5 5. Nf3 O-O 6. h3 h6 7. Be3 Be7 8.
O-O d6 9. Nd5 Re8 10. Nxf6+ Bxf6 11. Qd2 Be6 12. Bxe6 Rxe6 13. a3 Qd7 14.
c3 Rd8 15. d4 exd4 16. cxd4 Ree8 17. d5 Ne7 18. Bd4 Bxd4 19. Qxd4 Ng6 20.
Rab1 Qe7 21. b4 Qxe4 22. Qxe4 Rxe4 23. a4 c5 24. bxc5 dxc5 25. Rxb7 Rxa4
26. Rd1 Ra5 27. Kf1 c4 28. Ke2 Raxd5 29. Rxd5 Rxd5 30. Rxa7 c3 31. Rc7 Nf4+
32. Kf1 Rd1+ 33. Ne1 Nd3 34. Re7 c2 35. Ke2 c1=Q 36. Nxd3 Qd2+ 37. Kf3
Qxd3+ 38. Re3 Qxe3+ 39. fxe3 f6 40. g4 Kf7 41. h4 Kg6 42. Kf4 Re1 43. g5
hxg5+ 44. hxg5 fxg5+ 45. Ke4 Kh5 46. Kd4 g4 47. e4 g3 48. e5 g2 49. Kd5
Rxe5+ 50. Kxe5 g1=Q 51. Ke6 g5 52. Kf7 g4 53. Ke8 Qf2 54. Kd8 Qe3 55. Kd7
Qe4 56. Kd8 Qe5 57. Kd7 Qf6 58. Ke8 Kg6 59. Kd7 Qe5 60. Kd8 Qe6 61. Kc7 Qd5
62. Kc8 Qd6 63. Kb7 Qc5 64. Kb8 Qc6 65. Ka7 Qb5 66. Ka8 Kf6 67. Ka7 Ke6 68.
Ka8 Kd7 69. Ka7 Kc7 70. Ka8 Qa5# { White checkmated } 0-1

[Event "ICC tourney 2552 (3 2)"]
[Site "Internet Chess Club"]
[Date "2021.05.07"]
[Round "1"]
[White "L LIU, JASON:K05-15325166"]
[Black "SUDEENDRA, SANKARSHANA:K06-30017519"]
[Result "1-0"]
[ICCResult "Black checkmated"]
[WhiteElo "1400"]
[BlackElo "1573"]
[Opening "Ruy Lopez: Caro variation"]
[ECO "C70"]
[NIC "RL.09"]
[Time "18:02:51"]
[PlyCount "125"]
[TimeControl "180+2"]

1. e4 e5 2. Nf3 Nc6 3. Bb5 a6 4. Ba4 b5 5. Bb3 Nf6 6. O-O Bc5 7. Re1 O-O 8.
Nc3 d6 9. d3 Bg4 10. h3 Bh5 11. Bg5 h6 12. Bh4 Nd4 13. Kh2 Bxf3 14. gxf3 g5
15. Bg3 Bb4 16. a3 Bxc3 17. bxc3 Ne6 18. Bxe6 fxe6 19. d4 exd4 20. cxd4 Nh5
21. Qd2 Qf6 22. Qe2 Nxg3 23. fxg3 Qxf3 24. Qxf3 Rxf3 25. Rf1 Raf8 26. Kg2
Rxf1 27. Rxf1 Rxf1 28. Kxf1 Kf7 29. Ke2 Kf6 30. g4 e5 31. d5 Kg6 32. Kd3 h5
33. Kc3 hxg4 34. hxg4 Kf6 35. Kb4 Ke7 36. Ka5 Kd8 37. Kxa6 Kc8 38. Kxb5 Kb7
39. a4 Ka7 40. a5 Kb7 41. a6+ Ka7 42. c4 Kb8 43. Kc6 Ka7 44. Kxc7 Kxa6 45.
Kxd6 Kb6 46. c5+ Kb7 47. c6+ Kc8 48. c7 Kb7 49. Kd7 Kb6 50. c8=Q Kb5 51.
Qc6+ Kb4 52. Kd6 Kb3 53. Kc5 Kc3 54. Kb5+ Kd4 55. Qc4+ Ke3 56. Kb4 Kf4 57.
Qe2 Kg3 58. Kc3 Kf4 59. Kd3 Kg3 60. Ke3 Kh4 61. Kf3 Kh3 62. Qg2+ Kh4 63.
Qg3# { Black checkmated } 1-0

[Event "ICC tourney 2552 (3 2)"]
[Site "Internet Chess Club"]
[Date "2021.05.07"]
[Round "1"]
[White "VELLORE, INIKA:K06-16054107"]
[Black "WATANABE NUNEZ, RYUTA:K03-17015848"]
[Result "0-1"]
[ICCResult "White forfeits on time"]
[WhiteElo "1400"]
[BlackElo "1400"]
[Opening "Four knights: Italian variation"]
[ECO "C55"]
[NIC "IG.01"]
[Time "18:02:40"]
[PlyCount "28"]
[TimeControl "180+2"]

1. e4 e5 2. Nf3 Nc6 3. Bc4 Nf6 4. Nc3 Nxe4 5. Nxe4 d5 6. Bxd5 Qxd5 7. Nc3
Qd8 8. O-O Bd6 9. Re1 O-O 10. d4 exd4 11. Nxd4 Nxd4 12. Qxd4 Bxh2+ 13. Kxh2
Qxd4 14. Be3 Qf6 { White forfeits on time } 0-1